 Dungeon Crawl Stone Soup version 0.31-a0-810-ga77100ea1a (webtiles) character file.

Game seed: 14914453117363880780

159 randomguy2701 the Stinger (level 5, -6/36 HPs)
             Began as a Formicid Venom Mage on Sept 22, 2023.
             Killed from afar by an orc wizard (10 damage)
             ... with a magic dart
             ... on level 4 of the Dungeon.
             The game lasted 00:06:11 (3366 turns).

randomguy2701 the Stinger (Formicid Venom Mage)     Turns: 3366, Time: 00:06:12

Health: -6/36      AC:  3    Str: 13    XL:     5   Next: 68%
Magic:  9/10       EV: 12    Int: 16    God:
Gold:   195        SH:  0    Dex: 20    Spells: 10/11 levels left

rFire   . . .        l - +0 dagger (venom)
rCold   . . .        (no shield)
rNeg    + . .        m - +0 leather armour
rPois   .            (helmet unavailable)
rElec   .            (no cloak)
rCorr   .            (no gloves)
SInv    +            (no boots)
Will    .....        d - amulet of magic regeneration
Stlth   ++           e - +6 ring of dexterity
HPRegen 0.26/turn    g - ring of positive energy
MPRegen 0.52/turn

%: no passive effects
@: no status effects
A: permanent stasis, dig shafts and tunnels, antennae 3, four strong arms
a: Dig, Shaft Self


You were on level 4 of the Dungeon.
You visited 1 branch of the dungeon, and saw 4 of its levels.

You collected 195 gold pieces.

Inventory:

Hand Weapons
 l - a +0 dagger of venom (weapon)
Armour
 a - a +0 robe
 k - a +0 chain mail
 m - a +0 leather armour (worn)
Jewellery
 d - an amulet of magic regeneration (around neck)
 e - a +6 ring of dexterity (left hand)
 g - a ring of positive energy (right hand)
Scrolls
 c - 2 scrolls of fog {unknown}
 f - 3 scrolls of identify {unknown}
 h - a scroll of poison {unknown}
 i - 2 scrolls of teleportation {unknown}
 j - a scroll of noise {unknown}
 p - a scroll of butterflies {unknown}
 r - a scroll of immolation {unknown}
 s - a scroll of vulnerability {unknown}
 t - 2 scrolls of torment {unknown}
Potions
 b - a potion of magic
 n - 2 potions of heal wounds {unknown}
 o - a potion of haste {unknown}
 q - 3 potions of cancellation {unknown}
 u - a potion of curing {unknown}
 v - a potion of resistance {unknown}


   Skills:
 + Level 0.9 Fighting
 + Level 1.2 Armour
 + Level 1.9 Dodging
 + Level 2.7 Stealth
 + Level 0.2 Unarmed Combat
 + Level 3.7 Spellcasting
 + Level 2.7 Transmutations
 + Level 5.0 Poison Magic


You had 10 spell levels left.
You knew the following spells:

 Your Spells              Type           Power      Damage    Failure   Level
a - Sting                 Tmut/Pois      60%        1d6       4%          1

Your spell library contained the following spells:

 Spells                   Type           Power      Damage    Failure   Level
 Poisonous Vapours        Pois/Air       22%        N/A       12%         2
 Cigotuvi's Dreadful Rot  Necr/Pois/Air  16%        N/A       17%         2
 Olgreb's Toxic Radiance  Pois           19%        N/A       28%         4
 Mephitic Cloud           Conj/Pois/Air  8%         N/A       32%         3
 Dispel Undead            Necr           2%         3d7       91%         4
 Death Channel            Necr           1%         N/A       100%        6


Dungeon Overview and Level Annotations

Branches:
Dungeon (4/15)
 Temple: D:4-7

Altars:

Shops:
D:3 *!=(*


Innate Abilities, Weirdness & Mutations

You cannot be hasted, slowed, berserked, paralysed or teleported.
You can dig through walls and to a lower floor.
You have a pair of large antennae on your head. (SInv)
Your four strong arms can wield two-handed weapons with a shield.


Message History

You hit the adder.
The adder is severely wounded.
The adder misses you.
You kill the adder!
Your Armour skill increases to level 1!
The sting hits the orc.
The orc is poisoned.
The orc is lightly wounded.
The sting hits the orc.
The orc looks even sicker.
The orc is almost dead.
You kill the orc!
Your Poison Magic skill increases to level 5!
The sting hits the giant cockroach.
The giant cockroach is poisoned.
The giant cockroach is heavily wounded.
The sting hits the giant cockroach.
The giant cockroach looks even sicker.
You kill the giant cockroach!
The sting hits the orc.
The orc is poisoned.
The orc is severely wounded.
You kill the orc!
The sting misses the orc wizard.
The sting hits the orc.
The orc is poisoned.
The orc is lightly wounded.
The sting hits the orc.
The orc looks even sicker.
The orc is heavily wounded.
The orc wizard hits you but does no damage.
The orc hits you with a +0 mace.
Unknown command.
You hit the orc wizard but do no damage.
The orc wizard is poisoned.
The orc wizard gestures at you while chanting.
The puff of flame hits you! The orc hits you with a +0 mace.
* * * LOW HITPOINT WARNING * * *
You hit the orc wizard.
The orc wizard looks as sick as possible!
The orc wizard is lightly wounded.
You kill the orc!
The orc wizard points at you and mumbles some strange words.
The magic dart hits you!
* * * LOW HITPOINT WARNING * * *
The orc wizard points at you and mumbles some strange words.
The magic dart hits you!
You die...

...,...>.###.............#...#
...##.....................##..#
..).#.######..#...#####..####.#
#...# ##..#...## ##.# ..# ##..#
#..###...# #.# ...# ###.##
##.## #...## #.# ....
#....###..# #..#.## #.# #....
....#...##..#
##.....###.###..##.
...##......## #.@...#.......#
..# ##.....####...####......#
.. #......)).o............# ..#
##....####..............# ###
..##.....# ##.####........###..
#.......## #.# ##....#.......
#......# #.# ##...##.......
#......# #.# ##...####......
#......######.###....# ##......


You could see an orc wizard (invisible, extremely poisoned).

Vanquished Creatures
  An orc wizard (D:4)
  3 adders
  3 gnolls (D:2)
  A worm (D:3)
  3 dart slugs
  3 orcs (D:4)
  8 bats
  2 endoplasms (D:2)
  5 giant cockroaches
  8 goblins
  11 hobgoblins
  2 quokkas
  3 ball pythons
  4 frilled lizards
  5 kobolds
  7 rats
69 creatures vanquished.

Notes
Turn   | Place    | Note
-------+----------+-------------------------------------------
     0 | D:1      | randomguy2701 the Formicid Venom Mage began the quest for
                  | the Orb.
     0 | D:1      | Reached XP level 1. HP: 13/13 MP: 3/3
   536 | D:1      | Reached XP level 2. HP: 19/19 MP: 0/5
  1129 | D:2      | Reached XP level 3. HP: 24/24 MP: 1/6
  1537 | D:2      | Reached XP level 4. HP: 20/30 MP: 2/8
  2783 | D:3      | Reached XP level 5. HP: 17/36 MP: 7/9
  2888 | D:3      | Found Zuck's Assorted Antiques.
  2941 | D:3      | Found Yzoschael's Distillery.
  2941 | D:3      | Found Vininud's Jewellery Emporium.
  2941 | D:3      | Found Linluoce's Antique Weapon Boutique.
  3082 | D:3      | Found Oqumaom's Assorted Antiques.
  3356 | D:4      | Reached skill level 1 in Armour
  3358 | D:4      | Reached skill level 5 in Poison Magic
  3366 | D:4      | Killed from afar by an orc wizard

Illustrated notes

Levels and vault maps discovered:
D:1:      minmay_arrival_plants_in_alcoves, layout_loops_ring, roderic_lattice_a
D:2:      layout_loops_corners, hex_tiny, kennysheep_generic_room_3
D:3:      layout_basic, serial_shops, shop, nicolae_square_shop, shop_fountains,
          shop, shop
D:4:      minmay_chambers_of_threes, layout_layer_cave,
          grunt_temple_overflow_lords_of_destruction,
          nicolae_overflow_hallway_of_the_gods

Skill      XL: |  1  2  3  4  5 |
---------------+----------------+-----
Transmutations | 2 |  2.7
Spellcasting   | 3 |  3.7
Armour         | 1 |  1.2
Poison Magic   | 5 |  5.0
Fighting       | |  0.9
Dodging        | |  1.9
Stealth        | |  2.7
Unarmed Combat | |  0.2

Action                     |  1- 3 |  4- 6 || total
---------------------------+-------+-------++-------
  Melee: Unarmed           |     6 |       ||     6
         Dagger            |       |     8 ||     8
   Cast: Sting             |    52 |    88 ||   140
 Armour: Robe              |    16 |     4 ||    20
         Leather armour    |       |    22 ||    22
  Dodge: Dodged            |    21 |    32 ||    53

Table legend: (Time is in decaauts)
 A = Elapsed time spent in this place.
 B = Non-inter-level travel time spent in this place.
 C = Inter-level travel time spent in this place.
 D = Time resting spent in this place.
 E = Time spent auto-exploring this place.
 F = Levels seen in this place.
 G = Mean time per level.
                   A        B        C        D        E       F      G
               +--------+--------+--------+--------+--------+-----+--------+
         Total |   3364 |   3134 |    230 |      0 |   2655 |   4 |  841.0 |
       Dungeon |   3364 |   3134 |    230 |      0 |   2655 |   4 |  841.0 |
               +--------+--------+--------+--------+--------+-----+--------+

Top non-repeatable levels by time:
     D:2: 1622 daAuts
     D:1: 1065 daAuts
     D:3: 471 daAuts
     D:4: 204 daAuts
